 Seeded DCSS version 0.27.1-2-g3b301248ec (webtiles) character file.

Game seed: 17979796883088392625 (custom seed)

174 babuloseo the Poker (level 5, 0/42 HPs)
             Began as a Human Monk on Sept 26, 2021.
             Slain by an adder (2 damage)
             ... on level 4 of the Dungeon.
             The game lasted 00:02:49 (1976 turns).

babuloseo the Poker (Human Monk)                    Turns: 1976, Time: 00:02:50

Health: 0/42       AC: 10    Str: 11 (12) XL:     5   Next: 84%
Magic:  5/5        EV:  2    Int:  7 (10) God:
Gold:   70         SH:  0    Dex: 13 (16) Spells: 4/4 levels left

rFire    . . .     SeeInvis .   e - +2 dagger (venom)
rCold    . . .     Faith    .   (no shield)
rNeg     . . .     Spirit   .   k - +0 plate armour
rPois    .         Reflect  .   (no helmet)
rElec    .         Harm     .   (no cloak)
rCorr    .         Rampage  .   (no gloves)
Will     .....                  (no boots)
Stlth    ..........             g - amulet of regeneration
HPRegen  1.14/turn              j - +4 ring of slaying
MPRegen  0.09/turn              (no ring)

@: lethally poisoned (0 -> -1), on berserk cooldown, very slightly contaminated,
slowed, invisible, very slow
A: no striking features
a: no special abilities


You were on level 4 of the Dungeon.
You visited 1 branch of the dungeon, and saw 4 of its levels.

You collected 70 gold pieces.

Inventory:

Hand Weapons
 a - a +0 spear
 e - a +2 dagger of venom (weapon)
Armour
 b - a +0 robe
 k - a +0 plate armour (worn)
Jewellery
 g - an amulet of regeneration (around neck)
 j - a +4 ring of slaying (left hand)
Scrolls
 f - a scroll of enchant armour {unknown}
 i - a scroll of magic mapping {unknown}
 l - a scroll of teleportation {unknown}
Potions
 h - a potion of invisibility


   Skills:
 + Level 3.7 Fighting
 + Level 1.1 Short Blades
 + Level 4.0(4.1) Polearms
 * Level 1.2(2.8) Staves
 + Level 0.6 Armour
 + Level 3.4 Dodging
 + Level 3.2 Stealth


You had 4 spell levels left.
You didn't know any spells.
Your spell library was empty.

Dungeon Overview and Level Annotations

Branches:
Dungeon (4/15)
 Temple: D:4-7

Altars:

Shops:
D:3 :[[


Message History

The gnoll barely misses you.
The orc throws a boomerang.
The boomerang hits you but does no damage.
There is an open door here.
It was a potion of curing.
You feel better.
The adder hisses angrily.
The gnoll hits you but does no damage. The gnoll hits you with a +0 flail!
* * * LOW HITPOINT WARNING * * *
The gnoll hits you with a +0 flail.
* * * LOW HITPOINT WARNING * * *
You feel better. The adder bites you but does no damage.
The gnoll hits you with a +0 flail.
* * * LOW HITPOINT WARNING * * *
The adder completely misses you.
You see here a giant cockroach corpse.
It was a potion of invisibility.
You fade into invisibility!
The adder bites you.
* * * LOW HITPOINT WARNING * * *
You are poisoned.
The adder poisons you! The adder bites you but does no damage.
The gnoll hits you with a +0 flail.
* * * LOW HITPOINT WARNING * * *
You are very lightly contaminated with residual magic.
Unknown command.
It was a potion of degeneration.
There was something very wrong with that liquid.
You feel weakened.
You feel dopey.
You feel clumsy.
You feel very sick. The adder bites you but does no damage.
The gnoll completely misses you. The adder barely misses you.
The orc throws a boomerang.
The boomerang barely misses the gnoll.
The boomerang hits you.
* * * LOW HITPOINT WARNING * * *
Unknown command.
You hit the adder.
The adder is poisoned.
The adder is lightly wounded.
You feel sick. The gnoll hits you but does no damage.
The adder bites you but does no damage. The gnoll hits you with a +0 flail.
* * * LOW HITPOINT WARNING * * *
The adder bites you.
You die...

#. #.# ### #.# #.. #.#
#.# #.# #.# #.#######.##
#
#######.##.......#####.#
.)....o.g@........))...#
######.S#######.#####.#
##...##..# ..##......#
#.....##'##.....#.####.#
#...............#.#
#.....#####.....#.#
##..o## ...##.# ##.##
.##..# #.# ##..#


You could see a gnoll, an adder (very poisoned) and an orc.

Vanquished Creatures
  A scorpion (D:4)
  An iguana (D:2)
  A hound skeleton (D:4)
  An adder (D:2)
  2 dart slugs
  An orc (D:4)
  4 ball pythons
  4 endoplasms
  4 giant cockroaches
  13 goblins
  4 hobgoblins
  2 jackals (D:1)
  2 quokkas (D:4)
  3 bats
  6 frilled lizards
  4 kobolds
  6 rats (D:1)
59 creatures vanquished.

Notes
Turn   | Place    | Note
-------+----------+-------------------------------------------
     0 | D:1      | babuloseo the Human Monk began the quest for the Orb.
     0 | D:1      | Reached XP level 1. HP: 18/18 MP: 1/1
   194 | D:1      | Reached XP level 2. HP: 23/24 MP: 2/2
   464 | D:1      | Reached XP level 3. HP: 29/29 MP: 3/3
  1134 | D:2      | Reached XP level 4. HP: 25/35 MP: 4/4
  1380 | D:2      | Found a faded altar of an unknown god.
  1635 | D:3      | Found Naoreuss's Book Shoppe.
  1692 | D:3      | Found Ynoatz's Antique Armour Emporium.
  1792 | D:3      | Found Cuh Hufu's Antique Armour Emporium.
  1870 | D:4      | Reached XP level 5. HP: 32/41 MP: 5/5
  1959 | D:4      | Reached skill level 1 in Short Blades
  1959 | D:4      | Reached skill level 4 in Polearms
  1959 | D:4      | Reached skill level 1 in Staves
  1962 | D:4      | HP: 2/42 [poisoned by a scorpion]
  1967 | D:4      | HP: 2/42 [poisoned by a scorpion]
  1976 | D:4      | HP: 2/42 [gnoll (5)]
  1976 | D:4      | Slain by an adder

Illustrated notes

Levels and vault maps discovered:
D:1:      minmay_arrival_cross, layout_loops_ring
D:2:      layout_rooms, shapermc_ecumenical_altar_venn
D:3:      layout_basic, serial_shops, shop, nicolae_shop_behind_doors, shop,
          shop, uniq_ijyb
D:4:      minmay_octagon_keep, layout_loops_ring, ebering_ghost_reflecting_pool,
          small_statue_intersection

Skill      XL: |  1  2  3  4  5 |
---------------+----------------+-----
Short Blades   | 1 |  1.1
Polearms       | 4 |  4.0
Staves         | 1 |  1.2
Stealth        | 3 |  3.2
Fighting       | |  3.7
Armour         | |  0.6
Dodging        | |  3.4

Action                   |  1- 3 |  4- 6 || total
-------------------------+-------+-------++-------
Melee: Spear             |    85 |       ||    85
       Dagger            |    29 |    64 ||    93
  Use: Potion            |       |     5 ||     5
 Stab: Sleeping          |    11 |     3 ||    14
Armor: Robe              |    14 |     4 ||    18
       Plate armour      |       |    28 ||    28
Dodge: Dodged            |    53 |    24 ||    77
